 Dungeon Crawl Stone Soup version 0.26.0-20-g3ca415f5b8 (webtiles) character file.

Game seed: 16755436638776890750

78 kaeus the Changer (level 4, 0/29 HPs)
             Began as an Octopode Transmuter on Jan 25, 2021.
             Succumbed to an adder's poison
             ... on level 2 of the Dungeon.
             The game lasted 00:02:38 (2089 turns).

kaeus the Changer (Octopode Transmuter)             Turns: 2089, Time: 00:02:39

Health: 0/29       AC:  1    Str:  8 (9)  XL:     4   Next: 36%
Magic:  6/7        EV: 13    Int: 12 (15) God:
Gold:   79         SH:  0    Dex: 10 (13) Spells: 6/7 levels left

rFire    . . .     SeeInvis .     - Unarmed
rCold    . . .     Faith    .   (no shield)
rNeg     . . .     Spirit   .   (helmet currently unavailable)
rPois    .         Reflect  .   (no amulet)
rElec    .         Harm     .   (no ring)
rCorr    .         Rampage  .   (no ring)
Will     .....                  (no ring)
Stlth    +++.......             (no ring)
HPRegen  0.09/turn              (no ring)
MPRegen  0.10/turn              (no ring)
                                (no ring)
                                (no ring)

@: brilliant, lethally poisoned (0 -> -10), appendages (expiring)
A: almost no armour, stealthy swim, amphibious, 8 rings, constrict 8, tentacle
spike 3, camouflage 1, gelatinous body 1
a: End Transformation


You were on level 2 of the Dungeon.
One of your tentacles had a temporary spike.
You visited 1 branch of the dungeon, and saw 2 of its levels.

You collected 79 gold pieces.

Inventory:

Scrolls
 a - 3 scrolls of identify {unknown}
 d - a scroll of random uselessness {unknown}
 e - a scroll of remove curse {unknown}


   Skills:
 + Level 1.8 Fighting
 + Level 2.5 Dodging
 + Level 1.8 Stealth
 - Level 3.0 Unarmed Combat
 + Level 2.3 Spellcasting
 * Level 3.1 Transmutations


You had 6 spell levels left.
You knew the following spells:

 Your Spells              Type           Power        Failure   Level
a - Beastly Appendage     Tmut           26%          8%          1

Your spell library contained the following spells:

 Spells                   Type           Power        Failure   Level
 Wereblood                Tmut           13%          11%         2
 Spider Form              Tmut/Pois      3%           38%         3
 Ice Form                 Ice/Tmut       7%           80%         4
 Blade Hands              Tmut           6%           90%         5


Dungeon Overview and Level Annotations

Branches:
Dungeon (2/15)

Altars:
Yredelemnul


Innate Abilities, Weirdness & Mutations

You cannot wear most types of armour.
You are very stealthy in the water. (Stealth+)
You are amphibious.
You can wear up to eight rings at the same time.
You can use your tentacles to constrict eight enemies at once.
Your skin changes colour to match your surroundings (Stealth+).
Your rubbery body absorbs attacks. (AC +1, EV +1)
One of your tentacles bears a large vicious spike.


Message History

You take 2 damage, and have 5/29 hp.
* * * LOW HITPOINT WARNING * * *
You feel sick.
You take 1 damage, and have 4/29 hp.
* * * LOW HITPOINT WARNING * * *
You feel sick.
You take 1 damage, and have 3/29 hp.
* * * LOW HITPOINT WARNING * * *
You feel sick.
You take 1 damage, and have 2/29 hp.
It was a potion of degeneration.
There was something very wrong with that liquid.
You feel weakened.
You feel dopey.
You feel clumsy.
Your transformation is almost over.
* * * LOW HITPOINT WARNING * * *
You feel sick.
You take 1 damage, and have 1/29 hp.
It was a potion of brilliance.
You feel clever all of a sudden.
You die...

##'## #.# ### #.# ..#
##.## ####
#.###...######.#
#.##..†##.##...........#
#.....†.#.###...########
#.#.....#.####..#
#.......@.....#
#.......†.#######
###########


There were no monsters in sight!

Vanquished Creatures
  3 adders (D:2)
  A leopard gecko (D:1)
  13 giant cockroaches (D:2)
  3 goblins
  2 hobgoblins (D:1)
  2 ball pythons
  4 bats
  2 frilled lizards
  7 kobolds
  14 rats (D:1)
51 creatures vanquished.

Notes
Turn   | Place    | Note
-------+----------+-------------------------------------------
     0 | D:1      | kaeus the Octopode Transmuter began the quest for the Orb.
     0 | D:1      | Reached XP level 1. HP: 13/13 MP: 3/3
   308 | D:1      | Reached XP level 2. HP: 18/18 MP: 3/5
   519 | D:1      | Reached skill level 1 in Stealth
   940 | D:1      | Reached XP level 3. HP: 23/23 MP: 6/6
  1686 | D:2      | Found a basalt altar of Yredelemnul.
  1952 | D:2      | Reached XP level 4. HP: 21/29 MP: 5/7
  2088 | D:2      | HP: 1/29 [poisoned by an adder]
  2089 | D:2      | Succumbed to an adder's poison

Illustrated notes

Levels and vault maps discovered:
D:1:      nicolae_arrival_memento_mori, layout_loops_corners,
          minmay_rat_gold_closets
D:2:      minmay_roachtagon, layout_loops_corners, elyvilon_altar_1,
          marbit_many_paths, nicolae_qazlal_eye_of_the_storm,
          kennysheep_generic_room_7, uniq_terence

Skill      XL: |  1  2  3  4 |
---------------+-------------+-----
Stealth        | 1 |  1.8
Transmutations | 3 |  3.1
Fighting       | |  1.8
Dodging        | |  2.5
Unarmed Combat | |  3.0
Spellcasting   | |  2.3

Action                   |  1- 3 |  4- 6 || total
-------------------------+-------+-------++-------
Melee: Unarmed           |   102 |     7 ||   109
       Constrict         |    32 |     2 ||    34
       Tentacles         |    14 |     1 ||    15
       Kick              |    17 |     1 ||    18
       Punch             |     1 |       ||     1
 Cast: Beastly Appendage |    23 |     2 ||    25
  Use: Potion            |       |     2 ||     2
 Stab: Sleeping          |    16 |       ||    16
Armor: Skin              |    11 |       ||    11
Dodge: Dodged            |    53 |     6 ||    59
